 Dungeon Sprint DCSS version 0.22.1-2-g9c5b331 (webtiles) character file.

39193 diana the Warrior (level 13, 0/138 HPs)
             Began as a Minotaur Fighter on Dec 15, 2018.
             Was the Champion of Qazlal.
             Slain by an orc knight
             ... wielding a cursed -3 long sword
              (18 damage)
             ... while paralysed by a vampire knight
             ... in the Dungeon (Sprint VII: "The Pits").
             The game lasted 00:16:06 (2779 turns).

diana the Warrior (Minotaur Fighter)                Turns: 2779, Time: 00:16:06

Health: 0/138      AC: 28    Str: 25    XL:     13   Next: 67%
Magic:  17/24      EV:  2    Int:  5    God:    Qazlal [******]
Gold:   30         SH:  0    Dex: 14    Spells: 12/12 levels left

rFire    . . .     SeeInvis .   v - +1 broad axe (freeze)
rCold    . . .     Gourm    +   c - +0 shield
rNeg     . . .     Faith    .   x - +3 plate armour
rPois    .         Spirit   .   (helmet restricted)
rElec    .         Reflect  .   (no cloak)
rCorr    .         Harm     .   (no gloves)
MR       .....     NoTele   +   w - +0 pair of boots
Stlth    ..........             l - amulet of the gourmand
HPRegen  0.33/turn              r - +3 ring of dexterity
MPRegen  0.19/turn              s - +3 ring of protection

@: paralysed, protected from physical damage, repel missiles
A: retaliatory headbutt, horns 2
a: Upheaval, Elemental Force, Disaster Area, Renounce Religion


You were in the Dungeon.
You worshipped Qazlal.
Qazlal was exalted by your worship.
You were not hungry.

You visited 1 branch You collected 30 gold pieces.

Inventory:

Hand Weapons
 q - a +2 hand axe of chopping
 v - a +1 broad axe of freezing (weapon)
 G - a +1 battleaxe
Armour
 a - the +2 cloak of Insurance {rC+ Regen+ MP-9 Int+3}
   (You found it in the Dungeon)

   It affects your intelligence (+3).
   It protects you from cold.
   It affects your magic capacity (-9).
   It increases your rate of regeneration.
 c - a +0 shield (worn)
 w - a +0 pair of boots (worn)
 x - a +3 plate armour (worn)
 J - a +0 troll leather armour
Jewellery
 g - an uncursed ring of ice
 l - an amulet of the gourmand (around neck)
 r - a +3 ring of dexterity (left hand)
 s - a +3 ring of protection (right hand)
 F - the ring of the Establishment {rC- rN++ MP-9 Slay+3 Stlth+}
   (You took it off a gnoll in the Dungeon)

   [ring of slaying]

   It affects your accuracy and damage with ranged weapons and melee attacks
   (+3).
   It makes you vulnerable to cold.
   It greatly protects you from negative energy.
   It affects your magic capacity (-9).
   It makes you more stealthy.
Wands
 y - a wand of disintegration (18)
Scrolls
 k - 2 scrolls of blinking
 n - 5 scrolls of remove curse
 o - 6 scrolls of amnesia
 p - a scroll of summoning
 z - 2 scrolls of enchant armour
 A - 2 scrolls of fog
 C - 2 scrolls of enchant weapon
 D - a scroll of fear
 E - a scroll of identify
Potions
 d - a potion of might
 e - 7 potions of curing
 h - 3 potions of haste
 i - 3 potions of magic
 j - 3 potions of berserk rage
 m - 2 potions of invisibility
 t - 4 potions of brilliance
 u - 2 potions of agility
 B - 6 potions of heal wounds
Miscellaneous
 H - a lightning rod (4/4)
 I - a box of beasts
Comestibles
 f - 17 rations


   Skills:
 + Level 19.5 Fighting
 - Level 18.0 Axes
 + Level 16.9 Armour
 + Level 15.3 Dodging
 + Level 16.8 Shields
 + Level 16.0 Invocations


You had 12 spell levels left.
You didn't know any spells.
Your spell library was empty.

Dungeon Overview and Level Annotations

Branches:
Dungeon (1/1)

Altars:
Ashenzari
Cheibriados
Dithmenos
Elyvilon
Fedhas
Gozag
Hepliaklqana
Kikubaaqudgha
Makhleb
Nemelex Xobeh
Okawaru
Qazlal
Ru
Sif Muna
Trog
Uskayaw
Vehumet
Wu Jian
Xom
Yredelemnul
Zin
The Shining One
Beogh
Jiyva
Lugonu


Innate Abilities, Weirdness & Mutations

You reflexively headbutt those who attack you in melee.
You have a pair of horns on your head.


Message History

The orc knight hits you but does no damage.
The orc knight roars a battlecry!
The orc knight is engulfed in blazing flames.
The orc knight hits you with a battleaxe.
You feel more protected from physical attacks.
The orc knight hits you with a long sword!
The orc knight hits you with a long sword.
You feel more protected from physical attacks.
Unholy energy fills the air.
The orc knight is engulfed in blazing flames.
The orc knight hits you with a battleaxe!!
* * * LOW HITPOINT WARNING * * *
The orc knight hits you but does no damage. x2
Something hits you but does no damage. Something bites you but does no damage.
The orc knight is engulfed in blazing flames.
You kill the orc knight!
Qazlal accepts your kill.
Your Invocations skill increases to level 16!
The orc knight hits you with a long sword!!
You die...

.# .+ .+ '#
'###############################+
.................................
...............§§≈...............
.##############§o##############†.
.# #..o@{.# #.. .# #≈§)o)§# #..
.# #.pVo§.# #.. .# ###)o### #..
.# .).) #.. .# ..... #.. .# #....
#.. )# #....# #.. .# #..


You could see an orc warlord, a vault guard, 4 orc knights and a vampire.

Vanquished Creatures
  Saint Roka (D)
  A deep elf master archer (D)
  A death cob (D)
  An emperor scorpion (D)
  2 ophanim (D)
  An apis (D)
  Nessos (D)
  An ettin (D)
  A fire dragon (D)
  A merfolk impaler (D)
  A vault guard (D)
  A death knight (D)
  A merfolk aquamancer (D)
  An orc high priest (D)
  2 shadow wraiths (D)
  A cherub (D)
  An iron troll (D)
  A large abomination (D)
  A flayed ghost (D)
  2 deep trolls (D)
  7 orc knights (D)
  A lindwurm (D)
  2 deep elf magi (D)
  An orc sorcerer (D)
  7 elephants (D)
  A molten gargoyle (D)
  2 spiny frogs (D)
  2 kobold demonologists (D)
  A demonic crawler (D)
  2 freezing wraiths (D)
  2 ice devils (D)
  A komodo dragon (D)
  A red devil (D)
  A jumping spider (D)
  A guardian mummy (D)
  3 merfolk (D)
  A wandering mushroom (D)
  A hornet (D)
  2 tyrant leeches (D)
  4 blink frogs (D)
  A hippogriff (D)
  A vampire (D)
  A spriggan (D)
  A shadow (D)
  A wraith (D)
  3 water elementals (D)
  A fire bat (D)
  A basilisk (D)
  6 yaks (D)
  A fire elemental (D)
  A hungry ghost (D)
  Grum (D)
  4 vampire mosquitoes (D)
  Edmund (D)
  An acid dragon (D)
  A small abomination (D)
  4 floating eyes (D)
  4 orc warriors (D)
  A black bear (D)
  An eye of draining (D)
  A sky beast (D)
  2 wolves (D)
  A centaur (D)
  A big kobold (D)
  2 bullfrogs (D)
  A gnoll sergeant (D)
  8 killer bees (D)
  4 orc priests (D)
  2 jellies (D)
  A gnoll shaman (D)
  5 orc wizards (D)
  An iron imp (D)
  A hell rat (D)
  6 gnolls (D)
  A river rat (D)
  22 orcs (D)
  2 ball pythons (D)
  A bat zombie (D)
  A hobgoblin (D)
  2 jackals (D)
  3 kobolds (D)
  2 quokkas (D)
  A bat simulacrum (D)
  A frilled lizard (D)
  A quokka simulacrum (D)
  A rat (D)
176 creatures vanquished.

Vanquished Creatures (others)
  A storm dragon (D)
  A fire giant (D)
  A fire dragon (D)
  A spriggan berserker (D)
  A deep elf mage (D)
  A gnoll (D)
6 creatures vanquished.

Grand Total: 182 creatures vanquished

Notes
Turn   | Place    | Note
-------+----------+-------------------------------------------
     0 | D        | diana the Minotaur Fighter began the quest for the Orb.
     0 | D        | Reached XP level 1. HP: 19/19 MP: 0/0
     6 | D        | Killed a spriggan berserker
     8 | D        | Killed a deep elf mage
    36 | D        | Killed a storm dragon
    44 | D        | Found a glowing golden altar of the Shining One.
    44 | D        | Found a glowing silver altar of Zin.
    44 | D        | Found a basalt altar of Yredelemnul.
    44 | D        | Found a shimmering altar of Xom.
    44 | D        | Found an ornate altar of the Wu Jian Council.
    44 | D        | Found a bloodstained altar of Trog.
    44 | D        | Found a deep blue altar of Sif Muna.
    44 | D        | Found a sacrificial altar of Ru.
    44 | D        | Found a stormy altar of Qazlal.
    44 | D        | Found an iron altar of Okawaru.
    44 | D        | Found a sparkling altar of Nemelex Xobeh.
    44 | D        | Found a burning altar of Makhleb.
    44 | D        | Found a viscous altar of Jiyva.
    44 | D        | Found a hazy altar of Hepliaklqana.
    44 | D        | Found an opulent altar of Gozag.
    44 | D        | Found a blossoming altar of Fedhas.
    44 | D        | Found a white marble altar of Elyvilon.
    44 | D        | Found a shadowy altar of Dithmenos.
    44 | D        | Found a snail-covered altar of Cheibriados.
    45 | D        | Found a radiant altar of Vehumet.
    45 | D        | Found a corrupted altar of Lugonu.
    45 | D        | Found a roughly hewn altar of Beogh.
    46 | D        | Found an ancient bone altar of Kikubaaqudgha.
    46 | D        | Found a hide-covered altar of Uskayaw.
    46 | D        | Found a shattered altar of Ashenzari.
    49 | D        | Became a worshipper of Qazlal Stormbringer
    59 | D        | Noticed a floating eye
    62 | D        | Killed a floating eye
    62 | D        | Reached skill level 5 in Fighting
    62 | D        | Reached skill level 5 in Armour
    62 | D        | Reached skill level 5 in Shields
    62 | D        | Reached XP level 2. HP: 29/29 MP: 1/1
    62 | D        | Reached XP level 3. HP: 36/36 MP: 2/2
    62 | D        | Reached XP level 4. HP: 42/42 MP: 3/3
    64 | D        | Reached * piety under Qazlal
    81 | D        | Noticed a floating eye
    82 | D        | Noticed Edmund
    83 | D        | Paralysed by a floating eye for 4 turns
    87 | D        | Reached ** piety under Qazlal
    88 | D        | Killed a floating eye
    88 | D        | Reached skill level 6 in Fighting
    88 | D        | Reached XP level 5. HP: 27/51 MP: 4/4
    96 | D        | Killed Edmund
    96 | D        | Reached skill level 7 in Fighting
    96 | D        | Reached skill level 5 in Dodging
    96 | D        | Reached XP level 6. HP: 28/60 MP: 5/5
   148 | D        | Killed a fire giant
   266 | D        | Killed a fire dragon
   316 | D        | Noticed a floating eye
   317 | D        | Noticed an orc warrior
   320 | D        | Reached *** piety under Qazlal
   323 | D        | Killed a floating eye
   323 | D        | Reached skill level 8 in Fighting
   323 | D        | Reached skill level 10 in Axes
   331 | D        | Killed an orc warrior
   331 | D        | Reached XP level 7. HP: 63/69 MP: 1/8
   332 | D        | Reached **** piety under Qazlal
   332 | D        | Reached skill level 9 in Fighting
   341 | D        | Reached ***** piety under Qazlal
   492 | D        | Noticed a flayed ghost
   505 | D        | Killed a flayed ghost
   505 | D        | Reached skill level 10 in Fighting
   505 | D        | Reached XP level 8. HP: 73/81 MP: 9/11
   545 | D        | Noticed a jumping spider
   549 | D        | Reached ****** piety under Qazlal
   549 | D        | Reached skill level 11 in Fighting
   566 | D        | Killed a jumping spider
   566 | D        | Reached skill level 15 in Axes
   777 | D        | Noticed a lindwurm
   789 | D        | Noticed an elephant
   790 | D        | Killed a lindwurm
   790 | D        | Reached skill level 12 in Fighting
   790 | D        | Reached XP level 9. HP: 75/90 MP: 12/14
   790 | D        | Noticed a spiny frog
   797 | D        | Killed an elephant
   798 | D        | Killed a spiny frog
   811 | D        | Reached skill level 13 in Fighting
   909 | D        | Noticed a freezing wraith
   923 | D        | Killed a freezing wraith
   923 | D        | Reached XP level 10. HP: 62/101 MP: 16/16
   933 | D        | Killed a shadow wraith
   933 | D        | Reached skill level 10 in Invocations
  1043 | D        | Noticed an apis
  1053 | D        | Killed an apis
  1053 | D        | Reached skill level 14 in Fighting
  1145 | D        | Noticed a deep troll
  1153 | D        | Killed a deep troll
  1240 | D        | Noticed a deep troll
  1250 | D        | Reached skill level 10 in Armour
  1252 | D        | Killed a deep troll
  1252 | D        | Reached skill level 10 in Shields
  1412 | D        | Reached XP level 11. HP: 95/111 MP: 18/18
  1474 | D        | Killed a shadow wraith
  1474 | D        | Reached skill level 15 in Fighting
  1476 | D        | Noticed an orc high priest
  1479 | D        | Killed an orc high priest
  1481 | D        | Noticed a large abomination
  1489 | D        | Killed a large abomination
  1489 | D        | Reached skill level 10 in Dodging
  1540 | D        | Noticed a deep elf mage
  1541 | D        | Noticed an orc sorcerer
  1541 | D        | Noticed Grum
  1542 | D        | Killed an orc sorcerer
  1542 | D        | Reached skill level 16 in Fighting
  1542 | D        | Killed a deep elf mage
  1542 | D        | Noticed a deep elf mage
  1558 | D        | Killed Grum
  1563 | D        | Noticed Saint Roka
  1568 | D        | Killed a deep elf mage
  1592 | D        | HP: 3/115 [Saint Roka/divine providence (13)]
  1600 | D        | Killed Saint Roka
  1600 | D        | Reached skill level 17 in Fighting
  1600 | D        | Reached XP level 12. HP: 5/125 MP: 5/21
  2018 | D        | Found the +11 plutonium sword {*Contam Stlth-}
  2183 | D        | Noticed a deep elf master archer
  2187 | D        | Noticed a merfolk aquamancer
  2188 | D        | Killed a deep elf master archer
  2194 | D        | Noticed a death cob
  2196 | D        | Killed a merfolk aquamancer
  2208 | D        | Killed a death cob
  2210 | D        | Noticed an emperor scorpion
  2231 | D        | Killed an emperor scorpion
  2241 | D        | Reached skill level 18 in Fighting
  2241 | D        | Reached skill level 15 in Armour
  2280 | D        | Reached skill level 15 in Shields
  2282 | D        | Noticed an ettin
  2294 | D        | Killed an ettin
  2294 | D        | Reached XP level 13. HP: 40/134 MP: 21/23
  2467 | D        | Got the ring of the Establishment {rC- rN++ MP-9 Slay+3
                  | Stlth+}
  2503 | D        | Noticed a merfolk impaler
  2520 | D        | Killed a merfolk impaler
  2520 | D        | Reached skill level 15 in Invocations
  2603 | D        | Noticed a fire dragon
  2603 | D        | Noticed an ophan
  2603 | D        | Noticed an ophan
  2603 | D        | Noticed Nessos
  2603 | D        | Killed an ophan
  2603 | D        | Killed a fire dragon
  2606 | D        | Killed an ophan
  2606 | D        | Reached skill level 19 in Fighting
  2607 | D        | Killed Nessos
  2634 | D        | Got the +2 cloak of Insurance {rC+ Regen+ MP-9 Int+3}
  2769 | D        | Noticed an orc warlord
  2769 | D        | Noticed a vampire knight
  2773 | D        | Reached skill level 15 in Dodging
  2775 | D        | Paralysed by something for 7 turns
  2779 | D        | Slain by an orc knight

Skill      XL: |  1  2  3  4  5  6  7  8  9 10 11 12 13 |
---------------+----------------------------------------+-----
Axes           | 6 8 9 11 13 15 17 18 | 18.0
Fighting       | 5 6 7 8 10 12 13 14 17 18 19 | 19.5
Armour         | 5 6 7 10 13 15 16 | 16.9
Dodging        | 3 4 5 8 12 13 15 | 15.3
Shields        | 5 6 7 10 13 15 16 | 16.8
Invocations    | 3 6 8 9 11 13 14 16 | 16.0

Action                   |  1- 3 |  4- 6 |  7- 9 | 10-12 | 13-15 || total
-------------------------+-------+-------+-------+-------+-------++-------
Melee: Hand axe          |     4 |    26 |    56 |       |       ||    86
       Headbutt          |     1 |     6 |    16 |    53 |    12 ||    88
       War axe           |     1 |       |       |       |       ||     1
       Broad axe         |       |       |    41 |   189 |    49 ||   279
Invok: Upheaval          |       |     1 |     3 |    15 |     9 ||    28
       Disaster Area     |       |       |       |     2 |     2 ||     4
       Elemental Force   |       |       |       |     1 |       ||     1
  Use: Potion            |       |     2 |       |    12 |       ||    14
  Eat: Chunk             |       |       |     2 |     6 |     5 ||    13
Armor: Scale mail        |       |     3 |       |       |       ||     3
       Plate armour      |       |     1 |    28 |    49 |    16 ||    94
Dodge: Dodged            |     1 |     4 |    11 |    46 |     8 ||    70
       Deflected         |       |       |       |     4 |       ||     4
Block: Shield            |       |    22 |    68 |   191 |    44 ||   325
